 Dungeon Crawl Stone Soup version 0.24.0-1-gfbc8707 (webtiles) character file.

Game seed: 14417522307502135142, levelgen mode: deterministic

5558 Illumine the Basher (level 10, -21/90 HPs)
             Began as a Minotaur Berserker on Nov 28, 2019.
             Was an Elder of Trog.
             Demolished by Sonja
             ... wielding a +0 short sword of distortion
              (24 damage)
             ... on level 10 of the Dungeon.
             The game lasted 00:09:15 (6536 turns).

Illumine the Basher (Minotaur Berserker)            Turns: 6536, Time: 00:09:16

Health: -21/90     AC: 17    Str: 34    XL:     10   Next: 44%
Magic:  9/9        EV:  9    Int:  4    God:    Trog [****..]
Gold:   493        SH: 20    Dex: 15    Spells: 9/9 levels left

rFire    + . .     SeeInvis .   t - +7 mace of Fortitude {holy, rF+ Str+10}
rCold    + . .     Gourm    .   n - +1 large shield
rNeg     . . .     Faith    .   q - +0 plate armour
rPois    .         Spirit   .   (helmet restricted)
rElec    .         Reflect  .   D - +0 cloak
rCorr    .         Harm     .   g - +0 pair of gloves
MR       .....                  j - +0 pair of boots
Stlth    ..........             (no amulet)
HPRegen  0.25/turn              B - +4 ring of dexterity
MPRegen  0.11/turn              I - ring of protection from cold

@: lethally poisoned (-21 -> -22), about to teleport
A: retaliatory headbutt, horns 2
a: Berserk, Trog's Hand, Brothers in Arms, Renounce Religion


You were on level 10 of the Dungeon.
You worshipped Trog.
Trog was greatly pleased with you.
You were not hungry.

You visited 1 branch of the dungeon, and saw 10 of its levels.

You collected 493 gold pieces.

Inventory:

Hand Weapons
 a - a +1 hand axe
 t - the +7 mace of Fortitude (weapon) {holy, rF+ Str+10}
   (You found it on level 4 of the Dungeon)

   It has been blessed by the Shining One to cause great damage to the undead
   and demons.
   It affects your strength (+10).
   It protects you from fire.
 x - the cursed +1 dagger "Pytes" {pierce, MR+ Dex+2}
   (You found it on level 4 of the Dungeon)

   It inflicts extra damage upon your enemies.
   It affects your dexterity (+2).
   It affects your resistance to hostile enchantments.
   It has a curse placed upon it.
 F - a +0 war axe
Missiles
 p - 75 sling bullets
 s - 31 bolts
 v - 17 poisoned darts (quivered)
Armour
 g - a +0 pair of gloves (worn)
 j - a +0 pair of boots (worn)
 n - a +1 large shield (worn)
 q - a +0 plate armour (worn)
 D - a +0 cloak (worn)
Jewellery
 b - an uncursed ring of teleportation
 d - an uncursed amulet of faith
 m - a +3 ring of dexterity
 B - a +4 ring of dexterity (left hand)
 E - a +4 amulet of reflection {unknown}
 I - a ring of protection from cold (right hand)
Wands
 A - a wand of acid (21)
 C - a wand of paralysis (12)
 G - a wand of flame (22)
 J - a wand of enslavement (7)
Scrolls
 l - 5 scrolls of teleportation
 u - 5 scrolls of enchant armour
 w - 2 scrolls of fear
 y - 3 scrolls of magic mapping
 H - a scroll of identify
 M - a scroll of remove curse
Potions
 e - a potion of resistance {unknown}
 f - 3 potions of lignification
 h - 6 potions of curing
 i - 2 potions of degeneration {unknown}
 k - 4 potions of brilliance
 o - a potion of might {unknown}
 r - 2 potions of invisibility
 z - a potion of haste
 L - a potion of flight {unknown}
Comestibles
 c - 9 rations
 K - 2 chunks of flesh


   Skills:
 + Level 8.6 Fighting
 - Level 5.0(8.2) Axes
 + Level 9.9(10.4) Maces & Flails
 + Level 8.2 Armour
 + Level 7.4 Dodging
 + Level 7.4 Shields


You had 9 spell levels left.
You didn't know any spells.
Your spell library was empty.

Dungeon Overview and Level Annotations

Branches:
Dungeon (10/15)            Temple (0/1) D:6
   Lair: D:8-11         Orc: D:9-12

Altars:
Ashenzari
Fedhas
Gozag
Nemelex Xobeh
Xom

Annotations:
D:4 3 runed translucent doors, subdon's ghost, novice MiBe
D:5 1 runed translucent door, Despondentz's ghost, novice VSFi
D:10 Sonja


Innate Abilities, Weirdness & Mutations

You reflexively headbutt those who attack you in melee.
You have a pair of horns on your head.


Message History

Aim: Sonja, wielding a +0 short sword of distortion (lightly wounded, poisoned)
You throw a poisoned dart. The poisoned dart hits Sonja.
Sonja looks even sicker.
Sonja is lightly wounded.
You miss Sonja. Your headbutt misses Sonja.
Sonja is lightly wounded.
Sonja shouts, "Too slow!"
You block Sonja's attack. Sonja closely misses you. You block Sonja's attack.
Sonja hits you but does no damage. Space warps horribly around you!
Sonja hits you but does no damage. Space warps horribly around you!
Sonja hits you with a +0 short sword of distortion.
You feel strangely unstable.
You sock Sonja! Your headbutt misses Sonja.
Sonja is heavily wounded.
Sonja hits you but does no damage. Space warps horribly around you!!
* * * LOW HITPOINT WARNING * * *
Sonja hits you but does no damage. Space warps horribly around you!
* * * LOW HITPOINT WARNING * * *
Sonja hits you but does no damage. Space warps horribly around you!!
You die...

#........###
#....#
##'#######
#..#
##(########
#.(.......#
#...(.....#
#...>.....#
#.........#
#.(......@#
#........K#
#........(#
#.........+
.....(..#
#########


You could see Sonja.

Vanquished Creatures
  2 trolls (D:9)
  A hippogriff (D:8)
  10 yaks (D:9)
  2 hungry ghosts (D:9)
  Grum (D:10)
  A steam dragon (D:9)
  A soldier ant (D:10)
  2 sky beasts
  3 ice beasts
  A necrophage (D:7)
  3 phantoms
  5 ogres
  3 wolves (D:10)
  2 bullfrogs
  A wyvern skeleton (D:9)
  4 scorpions
  4 killer bees (D:8)
  A howler monkey (D:5)
  3 crimson imps
  4 hounds
  2 jellies
  3 orc priests
  Crazy Yiuf (D:7)
  An orc wizard (D:7)
  A bullfrog skeleton (D:5)
  A centaur skeleton (D:9)
  An iguana (D:9)
  5 worker ants
  A killer bee zombie (D:7)
  6 gnolls
  A worker ant zombie (D:10)
  6 adders
  A shadow imp (D:9)
  An adder skeleton (D:9)
  A dart slug (D:1)
  3 leopard geckos
  12 orcs
  A ball python (D:4)
  4 bats
  5 giant cockroaches
  3 goblins
  4 hobgoblins
  8 jackals
  6 quokkas
  5 frilled lizards
  A jackal skeleton (D:5)
  7 kobolds
  2 leopard gecko skeletons
  A quokka zombie (D:8)
  11 rats
  A fungus (D:7)
160 creatures vanquished.

Notes
Turn   | Place    | Note
-------+----------+-------------------------------------------
     0 | D:1      | Illumine the Minotaur Berserker began the quest for the
                  | Orb.
     0 | D:1      | Reached XP level 1. HP: 19/19 MP: 0/0
   374 | D:1      | Reached XP level 2. HP: 24/27 MP: 1/1
   401 | D:1      | Found an ancient bone altar of Kikubaaqudgha.
   403 | D:1      | Found a blossoming altar of Fedhas.
   403 | D:1      | Found an opulent altar of Gozag.
   405 | D:1      | Found a shimmering altar of Xom.
   405 | D:1      | Found a shimmering altar of Xom.
   405 | D:1      | Found an opulent altar of Gozag.
   635 | D:2      | Found a sparkling altar of Nemelex Xobeh.
   712 | D:2      | Reached XP level 3. HP: 27/33 MP: 2/2
  1477 | D:3      | Reached ** piety under Trog
  2079 | D:4      | Noticed a scorpion
  2091 | D:4      | Killed a scorpion
  2091 | D:4      | Reached skill level 5 in Axes
  2091 | D:4      | Reached skill level 1 in Shields
  2091 | D:4      | Reached XP level 4. HP: 29/41 MP: 3/3
  2207 | D:4      | Got a scorched mace
  2211 | D:4      | Identified the +7 mace of Fortitude {holy, rF+ Str+10} (You
                  | found it on level 4 of the Dungeon)
  2239 | D:4      | Reached XP level 5. HP: 46/47 MP: 4/4
  2295 | D:4      | Reached skill level 1 in Maces & Flails
  2339 | D:4      | Got an ancient dagger
  2452 | D:4      | Found a runed translucent gate.
  2452 | D:4      | Found a runed translucent gate.
  2452 | D:4      | Found a runed translucent gate.
  2452 | D:4      | Noticed subdon's ghost (novice MiBe)
  2626 | D:5      | Entered Level 5 of the Dungeon
  2728 | D:5      | Found a sparkling altar of Nemelex Xobeh.
  2936 | D:5      | Found a runed translucent door.
  2936 | D:5      | Noticed Despondentz's ghost (novice VSFi)
  2962 | D:5      | Reached XP level 6. HP: 55/55 MP: 5/5
  3303 | D:6      | Reached skill level 5 in Fighting
  3303 | D:6      | Reached skill level 2 in Maces & Flails
  3392 | D:6      | Found a staircase to the Ecumenical Temple.
  3547 | D:6      | Reached *** piety under Trog
  3567 | D:6      | Reached skill level 3 in Maces & Flails
  3567 | D:6      | Reached XP level 7. HP: 46/61 MP: 6/6
  4176 | D:7      | Reached skill level 4 in Maces & Flails
  4176 | D:7      | Reached skill level 5 in Armour
  4306 | D:7      | Reached XP level 8. HP: 66/70 MP: 7/7
  4319 | D:7      | Identified the cursed +1 dagger "Pytes" {pierce, MR+ Dex+2}
                  | (You found it on level 4 of the Dungeon)
  4670 | D:7      | Found a runed translucent door.
  4671 | D:7      | Noticed Crazy Yiuf
  4677 | D:7      | Killed Crazy Yiuf
  4820 | D:8      | Reached skill level 5 in Maces & Flails
  4844 | D:8      | Reached skill level 5 in Dodging
  4995 | D:8      | Reached skill level 6 in Maces & Flails
  5141 | D:8      | Reached skill level 5 in Shields
  5368 | D:8      | Reached **** piety under Trog
  5371 | D:8      | Noticed a hippogriff
  5380 | D:8      | Killed a hippogriff
  5380 | D:8      | Reached skill level 7 in Maces & Flails
  5380 | D:8      | Reached XP level 9. HP: 73/78 MP: 8/8
  5516 | D:9      | Reached skill level 8 in Maces & Flails
  5590 | D:9      | Reached skill level 9 in Maces & Flails
  5591 | D:9      | Reached XP level 10. HP: 86/88 MP: 9/9
  6070 | D:9      | Found a shattered altar of Ashenzari.
  6126 | D:10     | Entered Level 10 of the Dungeon
  6173 | D:10     | Noticed Sonja
  6479 | D:10     | Noticed Grum
  6492 | D:10     | Killed Grum
  6536 | D:10     | HP: 3/90 [Sonja/+0 short sword of distortion (14)]
  6536 | D:10     | Demolished by Sonja

Levels and vault maps discovered:
D:1:      onia_arrival_pentagram, layout_loops_ring, doesnt_xom_only_xom
D:2:      layout_basic, serial_forest, infiniplex_forest_clump_diagonal,
          infiniplex_forest_zigzag_2, infiniplex_forest_end_1,
          infiniplex_forest_lined_3, infiniplex_forest_clump_cross,
          infiniplex_forest_straight_3, infiniplex_forest_end_1,
          infiniplex_forest_clump_medium, first_ration,
          nemelex_xobeh_ov_fountains_minmay
D:3:      layout_loops_ring
D:4:      layout_rooms, ebering_ghost_rock_garden, nrook_campfire,
          hangedman_abyss_or_decor_lesser_grid
D:5:      layout_gridville, gammafunk_ghost_grave, nemelex_diamond_rough_becter
D:6:      layout_loops_ring, minmay_temple_entry_trees
D:7:      layout_rooms, minmay_misc_feat_four_crosses, uniq_crazy_yiuf_cottage
D:8:      layout_loops_ring
D:9:      layout_loops_ring, marbit_many_paths
D:10:     layout_roguey, minmay_orc_entry_temple_small, grunt_tengu_nest,
          chequers_serial_rivers_micro_e, uniq_grum, uniq_sonja

Skill      XL: |  1  2  3  4  5  6  7  8  9 10 |
---------------+-------------------------------+-----
Axes           | 4 5 |  5.0
Fighting       | 4 5 6 8 |  8.6
Armour         | 3 4 5 6 7 8 |  8.2
Shields        | 1 2 3 4 5 6 7 |  7.4
Dodging        | 3 4 5 6 7 |  7.4
Maces & Flails | 1 3 4 7 9 |  9.9

Action                   |  1- 3 |  4- 6 |  7- 9 | 10-12 || total
-------------------------+-------+-------+-------+-------++-------
Melee: Hand axe          |   111 |     3 |       |       ||   114
       Headbutt          |    15 |    13 |    51 |    21 ||   100
       Mace              |       |    61 |   165 |    70 ||   296
Throw: Throwing net      |       |     1 |       |       ||     1
       Dart              |       |       |       |    29 ||    29
  Use: Scroll            |     7 |     5 |     3 |     2 ||    17
  Eat: Chunk             |     3 |     5 |     8 |     3 ||    19
Armor: Animal skin       |     6 |       |       |       ||     6
       Plate armour      |    35 |    24 |    42 |    26 ||   127
Dodge: Dodged            |    29 |    11 |    17 |    26 ||    83
Block: Large shield      |    55 |    61 |   128 |    83 ||   327
